 Dungeon Crawl Stone Soup version 0.27.1 (webtiles) character file.

Game seed: 13014902928869521492

35734 Mesmaeker13 the Tainter (level 13, -1/94 HPs)
             Began as a Naga Venom Mage on Aug 21, 2021.
             Was an Elder of Sif Muna.
             Slain by a seven-headed hydra (8 damage)
             ... on level 4 of the Lair of Beasts.
             The game lasted 00:50:05 (20021 turns).

Mesmaeker13 the Tainter (Naga Venom Mage)          Turns: 20021, Time: 00:50:06

Health: -1/94      AC: 17    Str: 12    XL:     13   Next: 85%
Magic:  3/23       EV: 14    Int: 26    God:    Sif Muna [****..]
Gold:   2940       SH:  6    Dex: 17    Spells: 7/26 levels left

rFire    . . .     SeeInvis +   K - +3 scimitar (flame)
rCold    + + +     Faith    .   r - +0 buckler
rNeg     . . .     Spirit   .   L - +0 robe {rC+}
rPois    +         Reflect  .   Q - +1 hat of Berumyid {rC++ Dex+2 SInv}
rElec    .         Harm     .   (no cloak)
rCorr    .         Rampage  .   R - +1 pair of gloves of the Onion {rPois Dex+4}
Will     .....                  h - +1 barding
Stlth    +++.......             d - amulet of magic regeneration
HPRegen  0.25/turn              g - +4 ring of evasion
MPRegen  0.43/turn              x - ring "Efupenk" {Will- AC+4 Int+6 Stlth+}

@: very slightly contaminated, very slow
A: AC +4, large, see invisible, deformed body, poison resistance, slowness 2,
spit poison 1, naga tail 2
a: Spit Poison, Renounce Religion, Channel Magic, Forget Spell, Divine Exegesis


You were on level 4 of the Lair of Beasts.
You worshipped Sif Muna.
Sif Muna was greatly pleased with you.
You visited 3 branches of the dungeon, and saw 15 of its levels.
You also visited: Gauntlet.

You collected 3262 gold pieces.
You spent 322 gold pieces at shops.

Inventory:

Hand Weapons
 p - a +2 trident of flaming
 K - a +3 scimitar of flaming (weapon)
Armour
 f - a +0 kite shield
 h - a +1 barding (worn)
 r - a +0 buckler (worn)
 L - a +0 robe of cold resistance (worn)
 N - +0 acid dragon scales
 Q - the +1 hat of Berumyid (worn) {rC++ Dex+2 SInv}
   (You found it in a Gauntlet)

   Dex:       It affects your dexterity (+2).
   rC:        It greatly protects you from cold.
   SInv:      It lets you see invisible.
 R - the +1 pair of gloves of the Onion (worn) {rPois Dex+4}
   (You found it in a Gauntlet)

   Dex:       It affects your dexterity (+4).
   rPois:     It protects you from poison.
Jewellery
 d - an amulet of magic regeneration (around neck)
 g - a +4 ring of evasion (left hand)
 o - a +6 ring of strength
 x - the ring "Efupenk" (right hand) {Will- AC+4 Int+6 Stlth+}
   (You found it on level 6 of the Dungeon)

   [ring of protection]

   AC:        It affects your AC (+4).
   Int:       It affects your intelligence (+6).
   Will:      It decreases your willpower.
   Stlth:     It makes you more stealthy.
 G - an amulet of regeneration
 S - a +6 ring of intelligence
Wands
 v - a wand of paralysis (9)
 H - a wand of iceblast (19)
 M - a wand of acid (14)
Scrolls
 a - 2 scrolls of vulnerability {unknown}
 j - a scroll of fog
 k - 2 scrolls of torment
 m - a scroll of noise
 t - 2 scrolls of amnesia
 y - 2 scrolls of fear {unknown}
 B - 3 scrolls of teleportation {unknown}
 C - a scroll of enchant weapon {unknown}
 E - a scroll of silence {unknown}
 I - 3 scrolls of immolation
 O - a scroll of enchant armour
Potions
 b - 3 potions of berserk rage
 c - 2 potions of brilliance
 e - 2 potions of mutation
 i - 4 potions of curing
 l - 2 potions of haste {unknown}
 q - a potion of degeneration {unknown}
 s - a potion of heal wounds {unknown}
 u - 3 potions of resistance
 w - a potion of ambrosia {unknown}
 z - a potion of lignification {unknown}
 A - a potion of might
 F - 2 potions of attraction {unknown}
 J - a potion of cancellation {unknown}
 P - a potion of flight {unknown}
Miscellaneous
 n - a tin of tremorstones (1/2)
 D - a condenser vane (inert)


   Skills:
 - Level 5.3 Dodging
 - Level 3.0 Stealth
 + Level 8.3 Shields
 + Level 7.2 Spellcasting
 - Level 9.3 Conjurations
 + Level 2.7 Translocations
 - Level 5.6 Transmutations
 + Level 10.0 Fire Magic
 + Level 7.0 Air Magic
 - Level 10.2 Poison Magic
 - Level 7.0 Invocations


You had 7 spell levels left.
You knew the following spells:

 Your Spells              Type           Power      Damage    Failure   Level
a - Sticky Flame          Conj/Fire      56%        2d7       1%          4
b - Poisonous Vapours     Pois/Air       100%       N/A       1%          2
c - Mephitic Cloud        Conj/Pois/Air  53%        N/A       1%          3
d - Ignite Poison         Fire/Tmut/Pois 53%        N/A       1%          3
e - Olgreb's Toxic Radia  Pois           58%        N/A       1%          4
f - Teleport Other        Tloc           23%        N/A       6%          3

Your spell library contained the following spells:

 Spells                   Type           Power      Damage    Failure   Level
 Sting                    Tmut/Pois      100%       1d8       1%          1
 Static Discharge         Conj/Air       51%        N/A       1%          2
 Dazzling Flash           Conj/Hex       66%        N/A       2%          3
 Stone Arrow              Conj/Erth      66%        3d11      2%          3
 Gell's Gravitas          Tloc           11%        N/A       6%          3
 Lesser Beckoning         Tloc           11%        N/A       6%          3
 Bolt of Magma            Conj/Fire/Erth 21%        4d11      12%         5
 Petrify                  Tmut/Erth      24%        N/A       19%         4
 Silence                  Hex/Air        13%        N/A       38%         5
 Animate Armour           Summ/Erth      18%        N/A       52%         4
 Dispel Undead            Necr           9%         3d8       52%         4
 Agony                    Necr           9%         N/A       86%         5
 Metabolic Englaciation   Hex/Ice        4%         N/A       86%         5
 Statue Form              Tmut/Erth      16%        N/A       96%         6
 Lehudib's Crystal Spear  Conj/Erth      16%        10d5      100%        8


Dungeon Overview and Level Annotations

Branches:
Dungeon (10/15)            Temple (1/1) D:6            Lair (4/6) D:10
  Swamp (0/4) Lair:3        Snake (0/4) Lair:3          Orc (0/2) D:9
Gauntlet (visited)

Altars:
Ashenzari
Dithmenos
Elyvilon
Fedhas
Hepliaklqana
Makhleb
Nemelex Xobeh
Okawaru
Ru
Sif Muna
Uskayaw
Vehumet
Wu Jian
Yredelemnul
Zin
The Shining One

Shops:
D:3 *   D:5 ==!*

Annotations:
D:5 2 transporters, sanka's ghost, amateur GnTm
D:6 5 exclusions
D:9 2 transporters, Zeebu's ghost, journeyman DsAK


Innate Abilities, Weirdness & Mutations

Your serpentine skin is tough. (AC +4)
You have supernaturally acute eyesight. (SInv)
Armour fits poorly on your strangely shaped body.
Your system is resistant to poisons. (rPois)
You cover ground very slowly.
You can spit poison.
You can use your snake-like lower body to constrict enemies.


Message History

Press: ? - help, Shift-Dir - straight line, f - seven-headed hydra
Aim: a seven-headed hydra (heavily wounded, chance to affect: 28%)
The seven-headed hydra looks slightly unstable.
The seven-headed hydra barely misses you.
The seven-headed hydra bites you but does no damage.
The seven-headed hydra barely misses you. x2
The seven-headed hydra bites you!
* * * LOW HITPOINT WARNING * * *
The seven-headed hydra barely misses you.
The seven-headed hydra bites you.
* * * LOW HITPOINT WARNING * * *
Unknown command.
Casting: Teleport Other (mildly dangerous; 6% risk of failure)
Confirm with . or Enter, or press ? or * to list all spells.
Aiming: Teleport Other (mildly dangerous; 6% risk of failure)
Press: ? - help, Shift-Dir - straight line, f/p - seven-headed hydra
Aim: a seven-headed hydra (heavily wounded, chance to affect: 28%)
Okay, then.
Okay, then.
Unknown command.
Okay, then.
Okay, then.
Unknown command.
Casting: Teleport Other (mildly dangerous; 6% risk of failure)
Confirm with . or Enter, or press ? or * to list all spells.
Okay, then.
Unknown command.
Casting: Teleport Other (mildly dangerous; 6% risk of failure)
Confirm with . or Enter, or press ? or * to list all spells.
Aiming: Teleport Other (mildly dangerous; 6% risk of failure)
Press: ? - help, Shift-Dir - straight line, f/p - seven-headed hydra
Aim: a seven-headed hydra (heavily wounded, chance to affect: 28%)
You miscast Teleport Other.
You are very lightly contaminated with residual magic.
Nothing appears to happen.
The seven-headed hydra bites you.
* * * LOW HITPOINT WARNING * * *
The seven-headed hydra barely misses you. x2
The seven-headed hydra closely misses you.
The seven-headed hydra bites you!
You die...

>.... .....#
#..#.# #
.....#. ..
#....#####.
#......#.
#....#.#
#@..#.#
#D...#
.>.####°°○#
......##..#
#....#D.○.##
.....>.<...#
....##.....#
#.. ##...##
#...#


You could see a seven-headed hydra.

Vanquished Creatures
  A dire elephant (Gauntlet)
  A minotaur (Gauntlet)
  A catoblepas (Lair:3)
  8 hydras
  A ghost crab (Gauntlet)
  Erica (D:9)
  3 two-headed ogres
  Pikel (D:7)
  A lindwurm (Lair:2)
  A deep elf pyromancer (D:10)
  2 ugly things (D:10)
  7 elephants
  3 black mambas
  2 torpor snails
  8 cane toads
  2 rime drakes
  A freezing wraith (D:10)
  An unseen horror (D:10)
  7 komodo dragons
  2 trolls (D:10)
  A meliai (D:10)
  A tyrant leech (Lair:3)
  A hornet (D:8)
  A polar bear (Lair:2)
  4 dream sheep (Lair:3)
  12 blink frogs
  A vampire (D:9)
  2 wyverns
  15 yaks
  A vampire mosquito (D:10)
  3 basilisks
  2 acid dragons (D:10)
  2 swamp worms (Lair:3)
  9 water moccasins
  3 nagas (Lair:3)
  4 orc warriors
  3 black bears
  2 necrophages
  A hornet zombie (D:7)
  An ogre (D:6)
  9 wolves
  3 centaurs
  2 lemures (D:7)
  13 bullfrogs
  2 gnoll sergeants
  A wyvern zombie (D:7)
  A water moccasin zombie (D:6)
  2 scorpions
  A wyvern skeleton (D:4)
  6 killer bees
  4 wights (D:8)
  4 howler monkeys
  3 centaur zombies
  A bullfrog zombie (D:6)
  A hound (D:5)
  3 orc priests
  4 centaur skeletons
  2 jellies
  An iguana (Lair:3)
  A hell rat (Lair:2)
  8 orc wizards
  A killer bee zombie (D:7)
  A howler monkey zombie (D:6)
  15 gnolls
  14 adders
  A shadow imp (D:7)
  2 ufetubi
  A worm (D:3)
  2 dart slugs
  22 orcs
  8 ball pythons
  10 endoplasms
  4 giant cockroaches
  6 goblins
  8 hobgoblins
  5 jackals (D:3)
  4 kobolds
  5 quokkas
  10 rats
314 creatures vanquished.

Vanquished Creatures (others)
  A demonic plant (Gauntlet)
  22 fungi
  37 plants
60 creatures vanquished.

Grand Total: 374 creatures vanquished

Notes
Turn   | Place    | Note
-------+----------+-------------------------------------------
     0 | D:1      | Mesmaeker13 the Naga Venom Mage began the quest for the
                  | Orb.
     0 | D:1      | Reached XP level 1. HP: 15/15 MP: 3/3
   497 | D:1      | Reached XP level 2. HP: 16/22 MP: 0/5
   749 | D:1      | Found a faded altar of an unknown god.
  1406 | D:2      | Learned a level 2 spell: Poisonous Vapours
  1489 | D:2      | Reached XP level 3. HP: 22/28 MP: 3/6
  1814 | D:2      | Reached skill level 1 in Air Magic
  1821 | D:2      | Reached XP level 4. HP: 30/36 MP: 7/7
  2297 | D:3      | Found a broken altar of Ashenzari.
  2446 | D:3      | Learned a level 3 spell: Mephitic Cloud
  3339 | D:3      | Reached skill level 5 in Poison Magic
  3339 | D:3      | Reached XP level 5. HP: 42/42 MP: 6/8
  3366 | D:3      | Reached skill level 1 in Conjurations
  3491 | D:3      | Found Dudolama's General Store.
  3921 | D:4      | Reached XP level 6. HP: 46/49 MP: 2/9
  4738 | D:4      | Learned a level 3 spell: Ignite Poison
  5063 | D:4      | Found a hazy altar of Hepliaklqana.
  5145 | D:4      | Reached XP level 7. HP: 47/55 MP: 5/10
  5541 | D:5      | Entered Level 5 of the Dungeon
  5542 | D:5      | Found Horgh's General Store.
  5547 | D:5      | Found Xeduutab's Distillery.
  5610 | D:5      | Found a transporter.
  5610 | D:5      | Noticed sanka's ghost (amateur GnTm)
  5617 | D:5      | Identified the +2 dire flail of Qonawudewe {venom, +Blink
                  | Dex+5}
  5760 | D:5      | Found Duwyreh's Jewellery Shoppe.
  6382 | D:5      | Found Cizxoufo's Jewellery Shop.
  6804 | D:6      | Reached XP level 8. HP: 62/62 MP: 5/11
  6881 | D:6      | Noticed a gargoyle
  6985 | D:6      | Identified the ring "Efupenk" {Will- AC+4 Int+6 Stlth+}
  7050 | D:6      | Found a staircase to the Ecumenical Temple.
  7072 | Temple   | Entered the Ecumenical Temple
  7091 | Temple   | Became a worshipper of Sif Muna the Loreminder
  7606 | D:6      | Found an ornate altar of the Wu Jian Council.
  7737 | D:7      | Noticed a two-headed ogre
  8226 | D:7      | Noticed a wyvern
  8232 | D:7      | Killed a wyvern
  8269 | D:7      | Reached skill level 5 in Air Magic
  8323 | D:7      | Noticed Pikel
  8336 | D:7      | Killed Pikel
  8337 | D:7      | Reached skill level 5 in Dodging
  8337 | D:7      | Reached skill level 5 in Conjurations
  8337 | D:7      | Reached XP level 9. HP: 57/68 MP: 7/12
  8757 | D:7      | Reached skill level 1 in Fire Magic
  9234 | D:8      | Noticed a hornet
  9240 | D:8      | Paralysed by a hornet for 2 turns
  9241 | D:8      | Killed a hornet
  9242 | D:8      | Reached skill level 1 in Shields
  9333 | D:8      | Noticed a +0 short sword
  9333 | D:8      | Noticed a +0 spear
  9334 | D:8      | Noticed a +0 spear
  9334 | D:8      | Noticed a +0 dagger
  9334 | D:8      | Noticed a +0 falchion
  9335 | D:8      | Noticed a +0 short sword
  9336 | D:8      | Noticed a +0 falchion
  9337 | D:8      | Noticed a +0 dagger
  9356 | D:8      | Found a hide-covered altar of Uskayaw.
  9406 | D:8      | Reached * piety under Sif Muna
 10002 | D:8      | Found a sparkling altar of Nemelex Xobeh.
 10008 | D:8      | Found a sacrificial altar of Ru.
 10080 | D:9      | Noticed Erica
 10128 | D:9      | Found a transporter.
 10135 | D:9      | Found a transporter.
 10136 | D:9      | Noticed a death knight
 10137 | D:9      | Noticed Zeebu's ghost (journeyman DsAK)
 10141 | D:9      | Found a staircase to the Orcish Mines.
 10147 | D:9      | Noticed a two-headed ogre
 10156 | D:9      | Noticed a death knight
 10161 | D:9      | Killed a two-headed ogre
 10162 | D:9      | Reached XP level 10. HP: 75/75 MP: 3/13
 10198 | D:9      | Noticed a spectral centaur warrior
 10218 | D:9      | Reached skill level 5 in Transmutations
 10242 | D:9      | Killed Erica
 10243 | D:9      | Reached skill level 5 in Fire Magic
 10320 | D:9      | Identified 2 scrolls of acquirement
 10320 | D:9      | Acquired 1282 gold pieces
 10468 | D:9      | Acquired 1285 gold pieces
 10588 | D:9      | Learned a level 4 spell: Sticky Flame
 10959 | D:9      | Found a burning altar of Makhleb.
 10996 | D:9      | Found a glowing silver altar of Zin.
 10999 | D:9      | Noticed an angel
 11010 | D:9      | Noticed a blizzard demon
 11304 | D:6      | Killed a two-headed ogre
 11465 | D:5      | Bought a +0 barding for 322 gold pieces
 11478 | D:5      | Found a transporter.
 11585 | D:10     | Entered Level 10 of the Dungeon
 11585 | D:10     | Found a shadowy altar of Dithmenos.
 11770 | D:10     | Noticed an elephant
 11807 | D:10     | Killed an elephant
 11808 | D:10     | Reached XP level 11. HP: 71/81 MP: 3/16
 11882 | D:10     | Found a staircase to the Lair.
 11914 | D:10     | Reached skill level 5 in Shields
 11920 | D:10     | Reached ** piety under Sif Muna
 12086 | D:10     | Noticed a deep elf pyromancer
 12166 | D:10     | Killed a deep elf pyromancer
 12251 | D:10     | Reached skill level 1 in Invocations
 12496 | D:10     | Noticed a two-headed ogre
 12543 | D:10     | Killed a two-headed ogre
 13097 | D:10     | Noticed a red ugly thing
 13102 | D:10     | Noticed a brown ugly thing
 13107 | D:10     | Killed a brown ugly thing
 13108 | D:10     | Killed a red ugly thing
 13146 | D:10     | Reached skill level 5 in Spellcasting
 13272 | Lair:1   | Entered Level 1 of the Lair of Beasts
 13278 | Lair:1   | Learned a level 4 spell: Olgreb's Toxic Radiance
 13419 | Lair:1   | Noticed a seven-headed hydra
 13430 | Lair:1   | Killed a six-headed hydra
 13431 | Lair:1   | Reached XP level 12. HP: 49/88 MP: 7/20
 14040 | Lair:1   | Reached *** piety under Sif Muna
 14097 | Lair:1   | Noticed a five-headed hydra
 14104 | Lair:1   | Killed a four-headed hydra
 14559 | Lair:1   | Reached skill level 5 in Invocations
 14745 | Lair:2   | Noticed a seven-headed hydra
 14922 | Lair:2   | Noticed a four-headed hydra
 14929 | Lair:2   | Killed a four-headed hydra
 15168 | Lair:2   | Noticed a seven-headed hydra
 15175 | Lair:2   | Killed a six-headed hydra
 15208 | Lair:2   | Killed a four-headed hydra
 16089 | Lair:2   | Gained mutation: You can use your snake-like lower body to
                  | constrict enemies. [Naga growth]
 16089 | Lair:2   | Reached XP level 13. HP: 29/94 MP: 10/23
 17390 | Lair:3   | Found a gate leading to a gauntlet.
 17409 | Gauntlet | Entered a Gauntlet
 17409 | Gauntlet | Noticed an entropy weaver
 17409 | Gauntlet | Found a transporter.
 17411 | Gauntlet | Found a runed translucent door.
 17412 | Gauntlet | Found a transporter.
 17413 | Gauntlet | Found a runed translucent door.
 17413 | Gauntlet | Found a transporter.
 17428 | Gauntlet | Found a transporter.
 17434 | Gauntlet | Noticed a reaper
 17447 | Gauntlet | Found a transporter.
 17460 | Gauntlet | Noticed a dire elephant
 17465 | Gauntlet | Found a transporter.
 17469 | Gauntlet | Found a transporter.
 17472 | Gauntlet | Found a transporter.
 17501 | Gauntlet | Found a transporter.
 17501 | Gauntlet | Found a transporter.
 17504 | Gauntlet | Found a transporter.
 17538 | Gauntlet | Found a transporter.
 17692 | Gauntlet | Identified the +1 hat of Berumyid {rC++ Dex+2 SInv}
 17856 | Gauntlet | Killed a dire elephant
 17857 | Gauntlet | Identified the +1 pair of gloves of the Onion {rPois Dex+4}
 18092 | Gauntlet | Noticed a minotaur
 18098 | Gauntlet | Killed a minotaur
 18192 | Lair:3   | Learned a level 3 spell: Teleport Other
 18300 | Lair:3   | Found a staircase to the Snake Pit.
 18467 | Lair:3   | Reached skill level 1 in Translocations
 18630 | Lair:3   | Reached **** piety under Sif Muna
 18729 | Lair:3   | Reached skill level 10 in Poison Magic
 19664 | Lair:3   | Found a staircase to the Swamp.
 19876 | Lair:3   | Reached skill level 10 in Fire Magic
 20021 | Lair:4   | Slain by a seven-headed hydra

Illustrated notes

Levels and vault maps discovered:
D:1:      wheals_arrival_linesprint, layout_basic,
          ebering_ecumenical_altar_abandoned, st_stairs_6
D:2:      layout_basic
D:3:      kennysheep_six_static_rooms, layout_basic, evilmike_ruin_ashenzari,
          serial_shops, nicolae_square_shop, minmay_strange_pillars,
          minivault_4, minmay_quantized
D:4:      layout_basic, mainiacjoe_overflow_tiny_flanked, nrook_mini_vaults,
          minmay_close_crescents
D:5:      layout_basic, serial_shops, shop, nicolae_shop_waterfront,
          nicolae_shop_trees, nicolae_shop_crystal, gammafunk_ghost_smash,
          dk_noncrumbling_3, minmay_misc_feat_cross
D:6:      layout_basic, kennysheep_mini_moat, minmay_temple_entry_tees
D:7:      layout_loops_ring, minmay_misc_feat_x, uniq_pikel
D:8:      layout_gridville, nicolae_uskayaw_en_pointe,
          mainiacjoe_overflow_big_doors
D:9:      layout_loops_ring, grunt_temple_overflow_order_and_chaos_2,
          gammafunk_ghost_mausoleum, uniq_erica
D:10:     minmay_chambers_of_sevens, layout_long_grid, grunt_dithmenos_smoke,
          david_lair_generic
Temple:   dshaligram_water_room_temple
Lair:1:   layout_cave_pods, serial_bayou_shore_b, grunt_megastairs_2,
          lemuel_fruit_fields, lemuel_fruit_tree
Lair:2:   nzn_winding_woodlands_cross [nzn_winding_woodlands_5x15_crooked,
          nzn_winding_woodlands_5x15_jagged, nzn_winding_woodlands_5x15_pool,
          nzn_winding_woodlands_5x15_zeroes,
          nzn_winding_woodlands_15x15_killbox], layout_regular_city
Lair:3:   layout_cave_pods, palyth_hydra_swamp_entry,
          guppyfry_snake_entry_garden, gauntlet_entry_generic
Lair:4:   layout_concentric_octagons, gammafunk_ghost_arena

Skill      XL: |  1  2  3  4  5  6  7  8  9 10 11 12 13 |
---------------+----------------------------------------+-----
Dodging        | 2 3 5 |  5.3
Air Magic      | 1 2 3 5 7 |  7.0
Transmutations | 2 4 5 |  5.6
Poison Magic   | 5 6 8 10 | 10.2
Conjurations   | 1 2 3 5 6 7 9 |  9.3
Fire Magic     | 4 6 7 8 10 | 10.0
Shields        | 3 4 6 7 8 |  8.3
Spellcasting   | 3 5 6 7 |  7.2
Invocations    | 4 6 7 |  7.0
Translocations | 2 |  2.7
Stealth        | |  3.0

Action                   |  1- 3 |  4- 6 |  7- 9 | 10-12 | 13-15 || total
-------------------------+-------+-------+-------+-------+-------++-------
Melee: Dagger            |     8 |    25 |    82 |     8 |       ||   123
       Spear             |    12 |    15 |       |       |       ||    27
       Trident           |       |       |    10 |       |       ||    10
       Scimitar          |       |       |       |    74 |    47 ||   121
       Constrict         |       |       |       |       |    14 ||    14
 Cast: Sting             |    44 |    99 |    21 |       |       ||   164
       Poisonous Vapours |     3 |    37 |    30 |    50 |    27 ||   147
       Mephitic Cloud    |       |     4 |    36 |    42 |    19 ||   101
       Ignite Poison     |       |     3 |    41 |    64 |    37 ||   145
       Sticky Flame      |       |       |       |    19 |    25 ||    44
       Olgreb's Toxic Ra |       |       |       |     5 |     5 ||    10
       Teleport Other    |       |       |       |       |     1 ||     1
 Abil: Spit Poison       |       |     1 |     1 |     1 |       ||     3
Evoke: Wand              |       |       |       |     7 |     9 ||    16
       Tin of tremorston |       |       |       |     2 |       ||     2
       Condenser vane    |       |       |       |       |     1 ||     1
  Use: Potion            |     1 |       |       |       |     4 ||     5
       Scroll            |       |     2 |     1 |     9 |     4 ||    16
 Stab: Confused          |       |     1 |     1 |       |     2 ||     4
Armor: Robe              |     3 |    33 |    41 |    89 |    62 ||   228
Dodge: Dodged            |    28 |   110 |   104 |   100 |    67 ||   409
Block: Buckler           |       |       |       |    30 |    31 ||    61
       Rpst.: Scimitar   |       |       |       |    31 |    10 ||    41
